 Dungeon Crawl Stone Soup version 0.27-a0-909-g0721f309d1 (webtiles) character file.

Game seed: 3721511687239262779

43 Drazool the Skirmisher (level 3, -7/30 HPs)
             Began as a Formicid Abyssal Knight on Apr 9, 2021.
             Was a Follower of Lugonu.
             Killed from afar by Sigmund (8 damage)
             ... with a magic dart
             ... on level 2 of the Dungeon.
             The game lasted 00:03:47 (1654 turns).

Drazool the Skirmisher (Formicid Abyssal Knight)    Turns: 1654, Time: 00:03:48

Health: -7/30      AC:  3    Str: 16    XL:     3   Next: 82%
Magic:  4/4        EV: 11    Int: 11    God:    Lugonu [*.....]
Gold:   15         SH:  0    Dex: 11    Spells: 2/2 levels left

rFire    . . .     SeeInvis +   a - +1 falchion
rCold    . . .     Faith    .   (no shield)
rNeg     . . .     Spirit   .   b - +0 leather armour
rPois    .         Reflect  .   (helmet unavailable)
rElec    .         Harm     .   (no cloak)
rCorr    .         Rampage  .   (no gloves)
Will     .....                  (no boots)
Stlth    +.........             (no amulet)
HPRegen  0.10/turn              (no ring)
MPRegen  0.09/turn              (no ring)

@: no status effects
A: permanent stasis, dig shafts and tunnels, antennae 3, four strong arms
a: Dig, Shaft Self, Renounce Religion, Depart the Abyss


You were on level 2 of the Dungeon.
You worshipped Lugonu.
Lugonu was aware of your devotion.
You visited 1 branch of the dungeon, and saw 2 of its levels.
You visited the Abyss 1 time.

You collected 15 gold pieces.


Innate Abilities, Weirdness & Mutations

You cannot be hasted, slowed, berserked, paralysed or teleported.
You can dig through walls and to a lower floor.
You have a pair of large antennae on your head. (SInv)
Your four strong arms can wield two-handed weapons with a shield.


   Skills:
 + Level 3.7 Fighting
 * Level 3.1 Long Blades
 - Level 2.1 Armour
 + Level 1.5 Dodging
 - Level 2.1 Invocations


You had 2 spell levels left.
You didn't know any spells.
Your spell library was empty.

Inventory:

Hand Weapons
 a - a +1 falchion (weapon)
Missiles
 g - 2 throwing nets {=f}
Armour
 b - a +0 leather armour (worn)
Jewellery
 h - an amulet of magic regeneration
Scrolls
 i - a scroll of amnesia {unknown}
 j - a scroll of identify {unknown}
 l - 2 scrolls of magic mapping {unknown}
Potions
 c - a potion of resistance {unknown}
 d - 2 potions of flight {unknown}
 e - a potion of haste {unknown}
 f - 3 potions of attraction {unknown}
 k - a potion of curing {unknown}

Dungeon Overview and Level Annotations

Branches:
Dungeon (2/15)

Altars:
Kikubaaqudgha

Annotations:
D:2 Sigmund

#.##.# #. #.# ## ...
..# #.# #..# #.#
#..# #.# #..# #
##.## #..#
#.###...#########
#..#
#.@@..#.........####
#..#
#.###...#######.....
#..# #.......#
###### #<.#
######..#
#..########..#
#............#
##..)...####.#
######.# #.# .# #.#


You could see Sigmund.


Message History

Sigmund shouts!
Sigmund barely misses you.
You riposte.
You slash Sigmund!
Sigmund is moderately wounded.
You hit Sigmund.
Sigmund is moderately wounded.
Sigmund hits you with a +0 scythe! x2
* * * LOW HITPOINT WARNING * * *
Unknown command.
You barely miss Sigmund.
Sigmund is moderately wounded.
Sigmund hits you with a +0 scythe.
* * * LOW HITPOINT WARNING * * *
You hit Sigmund.
Sigmund is heavily wounded.
Sigmund closely misses you.
You hit Sigmund.
Sigmund is heavily wounded.
Sigmund barely misses you.
You riposte.
You hit Sigmund.
Sigmund is heavily wounded.
You barely miss Sigmund.
Sigmund is heavily wounded.
Sigmund barely misses you.
You hit Sigmund but do no damage.
Sigmund is heavily wounded.
Sigmund gestures at you while chanting. The puff of flame hits you.
* * * LOW HITPOINT WARNING * * *
Sigmund points at you and mumbles some strange words.
The magic dart hits you!
You die...

Skill      XL: |  1  2  3 |
---------------+----------+-----
Dodging        | 1 |  1.5
Long Blades    | 3 |  3.1
Fighting       | |  3.7
Armour         | |  2.1
Invocations    | |  2.1

Action                   || total
-------------------------++-------
Melee: Falchion          ||    73
Invok: Depart the Abyss  ||     1
  Use: Scroll            ||     1
Armor: Leather armour    ||    21
Dodge: Dodged            ||    49
       Rpst.: Falchion   ||    21

Levels and vault maps discovered:
D:1:      psy_arrival_heroes, layout_rooms, chequers_garden, minmay_tetromino_s2
D:2:      layout_loops_ring, basic_altar, roderic_roman_lattice, uniq_sigmund

Notes
Turn   | Place    | Note
-------+----------+-------------------------------------------
     0 | Abyss:1  | Drazool the Formicid Abyssal Knight began the quest for the
                  | Orb.
     0 | Abyss:1  | Reached XP level 1. HP: 18/18 MP: 2/2
   104 | Abyss:1  | Noticed a shadow wraith
   105 | D:1      | You pass through the gate.
   105 | D:1      | Escaped the Abyss
   255 | D:1      | You fall into a shaft and drop 1 floor!
   264 | D:2      | Reached skill level 1 in Dodging
   440 | D:1      | Reached XP level 2. HP: 23/24 MP: 3/3
   675 | D:1      | Reached * piety under Lugonu
   811 | D:1      | Reached XP level 3. HP: 26/29 MP: 4/4
   974 | D:2      | Found an ancient bone altar of Kikubaaqudgha.
  1254 | D:2      | Noticed Sigmund
  1521 | D:2      | Reached skill level 3 in Long Blades
  1654 | D:2      | HP: 1/30 [Sigmund/puff of flame (5)]
  1654 | D:2      | Killed from afar by Sigmund

Vanquished Creatures
  2 adders
  A worm (D:2)
  A dart slug (D:1)
  3 bats
  3 goblins
  A hobgoblin (D:2)
  A quokka (D:2)
  A ball python (D:1)
  2 frilled lizards
  6 kobolds
  2 rats
23 creatures vanquished.

Table legend: (Time is in decaauts)
 A = Elapsed time spent in this place.
 B = Non-inter-level travel time spent in this place.
 C = Inter-level travel time spent in this place.
 D = Time resting spent in this place.
 E = Time spent auto-exploring this place.
 F = Levels seen in this place.
 G = Mean time per level.
                   A        B        C        D        E       F      G
               +--------+--------+--------+--------+--------+-----+--------+
         Total |   1670 |   1575 |     95 |    134 |   1171 |   3 |  556.7 |
       Dungeon |   1565 |   1470 |     95 |    134 |   1068 |   2 |  782.5 |
         Abyss |    105 |    105 |      0 |      0 |    103 |   1 |  105.0 |
               +--------+--------+--------+--------+--------+-----+--------+

Top non-repeatable levels by time:
     D:1: 1107 daAuts
     D:2: 458 daAuts
 Abyss:1: 105 daAuts

Table legend:
 A = Non-vault XP
 B = Vault XP
 C = Vault XP percentage of total XP
 D = Non-vault monster count
 E = Vault monster count
 F = Vault count percentage of total count
                 A         B        C        D         E       F
            +---------+---------+-------+---------+---------+-------
      Total |      61 |       1 |   1.6 |      22 |       1 |   4.3
            +---------+---------+-------+---------+---------+-------
        D:1 |      30 |       1 |   3.2 |      11 |       1 |   8.3
        D:2 |      31 |       0 |   0.0 |      11 |       0 |   0.0
            +---------+---------+-------+---------+---------+-------
